AoeStats
← pascapas

Fortress

508346454Analyzed
3v3 RM · 12d ago on Sep 22, 2026· 65m 16s· 6 players
Game mode
Random Map
Map size
Large (8 player)
Population
200
Speed
Normal
Resources
Standard
Victory
Conquest
Starting age
Dark Age
Ending age
Imperial Age
RankedLock teamsTeams togetherTeam positionsShared explorationLock speedFull tech treeHidden civsTurbo modeCheats
Victory
Defeat
🇨🇳 Chinese · China
852
+17
🇺🇸 Mongols · United States
850
+17
🇨🇭 Burgundians · Switzerland
799
+20
🇺🇸 Spanish · United States
894
-18
🇺🇸 Ethiopians · United States
871
-18
🇺🇸 Byzantines · United States
867
-18
Wallace323232
4:46 Loom
7:08 Feudal Age
8:11 Double-Bit Axe
9:09 Horse Collar
13:51 Castle Age
14:06 Bloodlines
13:50 Fletching
15:23 Padded Archer Armor
16:26 Bow Saw
18:27 Wheelbarrow
17:38 Town Watch
18:06 Gold Mining
18:39 Bodkin Arrow
23:22 Husbandry
24:49 Heavy Plow
29:01 Imperial Age
27:18 Gold Shaft Mining
27:16 Light Cavalry
28:49 Hand Cart
28:51 Forging
30:16 Conscription
30:58 Chemistry
30:19 Ballistics
30:51 Thumb Ring
31:15 Parthian Tactics
32:12 Masonry
34:18 Hoardings
33:16 Elite Mangudai
34:44 Hussar
35:59 Siege Engineers
36:57 Murder Holes
40:15 Iron Casting
40:32 Scale Barding Armor
40:28 Bracer
40:43 Leather Archer Armor
40:47 Caravan
45:44 Blast Furnace
45:05 Chain Barding Armor
48:17 Capped Ram
49:23 Drill
51:02 Siege Ram
54:24 Town Patrol
54:30 Scale Mail Armor
pascapas
3:35 Double-Bit Axe
3:47 Double-Bit Axe
5:35 Horse Collar
8:59 Feudal Age
14:31 Castle Age
13:18 Bow Saw
13:54 Fletching
17:49 Burgundian Vineyards
18:57 Gold Mining
20:02 Wheelbarrow
21:03 Cavalier
23:22 Hand Cart
23:44 Town Watch
25:05 Gold Shaft Mining
25:02 Heavy Plow
28:00 Imperial Age
26:29 Husbandry
25:51 Light Cavalry
31:33 Chemistry
33:12 Forging
33:08 Scale Barding Armor
32:31 Paladin
32:32 Hussar
42:18 Caravan
59:07 Chain Barding Armor
59:24 Iron Casting
63:49 Blast Furnace
63:50 Flemish Revolution
强强不怕困难
0:39 Loom
8:12 Feudal Age
14:45 Castle Age
13:16 Double-Bit Axe
13:43 Horse Collar
13:57 Stone Mining
13:58 Gold Mining
15:48 Bow Saw
22:05 Great Wall
23:43 Heavy Plow
24:34 Wheelbarrow
24:27 Ballistics
25:23 Fortified Wall
25:59 Gold Shaft Mining
26:42 Hand Cart
27:12 Stone Shaft Mining
27:00 Masonry
27:48 Fletching
27:59 Padded Archer Armor
28:26 Town Watch
32:12 Imperial Age
30:46 Town Patrol
31:58 Leather Archer Armor
31:39 Bodkin Arrow
32:40 Elite Chu Ko Nu
34:46 Chemistry
35:14 Ring Archer Armor
34:47 Bracer
36:35 Architecture
36:33 Heavy Scorpion
38:05 Scale Mail Armor
43:43 Caravan
44:21 Conscription
51:09 Bombard Tower
51:09 Chain Mail Armor
51:05 Forging
52:33 Two-Man Saw
52:09 Pikeman
52:49 Squires
54:35 Halberdier
56:52 Plate Mail Armor
56:58 Iron Casting
65:29 Blast Furnace
Wesley
8:55 Feudal Age
9:58 Double-Bit Axe
12:39 Castle Age
10:51 Horse Collar
19:33 Loom
23:40 Wheelbarrow
23:44 Bow Saw
24:01 Heavy Plow
24:22 Town Watch
27:43 Imperial Age
25:40 Forging
25:31 Padded Archer Armor
25:37 Scale Barding Armor
26:30 Bloodlines
26:20 Husbandry
26:58 Iron Casting
27:21 Leather Archer Armor
28:17 Fortified Wall
28:21 Masonry
28:33 Ballistics
30:03 Blast Furnace
28:27 Cavalier
30:08 Conscription
31:03 Paladin
32:16 Ring Archer Armor
32:07 Chain Barding Armor
32:49 Elite Conquistador
34:29 Squires
34:14 Arson
33:51 Pikeman
35:46 Chemistry
35:19 Architecture
47:47 Light Cavalry
49:43 Capped Ram
50:06 Hussar
58:44 Gold Mining
58:44 Stone Mining
58:58 Murder Holes
60:19 Fletching
62:28 Elite Skirmisher
63:14 Thumb Ring
65:07 Bodkin Arrow
Robert Baratheon
5:23 Loom
6:05 Loom
8:22 Feudal Age
10:46 Double-Bit Axe
13:22 Castle Age
12:26 Horse Collar
13:34 Pikeman
19:05 Elite Skirmisher
19:49 Fletching
21:30 Squires
24:13 Wheelbarrow
29:00 Imperial Age
28:16 Hand Cart
29:05 Fortified Wall
31:48 Chemistry
31:53 Conscription
33:09 Thumb Ring
33:02 Bodkin Arrow
33:20 Gold Mining
34:20 Ballistics
35:13 Bracer
34:39 Crossbowman
35:05 Treadmill Crane
38:01 Elite Cataphract
39:21 Hoardings
39:29 Halberdier
40:16 Scale Mail Armor
40:27 Forging
43:08 Block Printing
45:57 Chain Mail Armor
45:44 Padded Archer Armor
45:44 Murder Holes
46:10 Bombard Tower
45:48 Murder Holes
46:56 Iron Casting
49:15 Logistica
49:50 Guard Tower
51:41 Plate Mail Armor
52:51 Leather Archer Armor
53:57 Arson
Pseudofinch
8:30 Feudal Age
9:23 Feudal Age
11:01 Loom
11:02 Town Watch
11:06 Loom
11:45 Horse Collar
14:08 Castle Age
12:07 Fletching
12:36 Double-Bit Axe
13:47 Gold Mining
15:03 Crossbowman
15:52 Thumb Ring
15:59 Thumb Ring
16:39 Bow Saw
19:22 Wheelbarrow
19:20 Padded Archer Armor
19:54 Forging
21:15 Heavy Plow
23:28 Hand Cart
22:40 Elite Skirmisher
24:01 Leather Archer Armor
23:45 Bodkin Arrow
29:44 Imperial Age
29:27 Iron Casting
28:57 Scale Barding Armor
29:08 Leather Archer Armor
29:51 Murder Holes
30:06 Fortified Wall
30:30 Town Patrol
29:55 Arbalester
31:16 Conscription
33:52 Chemistry
32:25 Onager
34:30 Husbandry
33:50 Light Cavalry
34:44 Torsion Engines
34:28 Siege Onager
36:59 Elite Shotel Warrior
37:43 Torsion Engines
37:47 Halberdier
38:28 Squires
37:55 Heavy Camel Rider
40:18 Royal Heirs
47:38 Scale Mail Armor
52:29 Masonry
52:55 Caravan
55:17 Ballistics
55:28 Architecture
55:03 Siege Engineers
56:28 Guard Tower
59:38 Bracer
60:08 Ring Archer Armor
60:39 Blast Furnace
59:59 Chain Barding Armor
59:55 Chain Mail Armor
60:54 Two-Man Saw
60:41 Keep
Connection lost

Rejoining the realm…

Still unreachable

The connection could not be restored.

Session expired

The server has moved on; the page needs a fresh start.